 Dungeon Crawl Stone Soup version 0.30-a0-149-g7f746667c4 (webtiles) character file.

Game seed: 2794873953644304963

7 Flugkiller the Magician (level 1, -1/15 HPs)
             Began as a Mummy Wanderer on Sept 26, 2022.
             Shot with a sling bullet by a goblin (3 damage)
             ... on level 1 of the Dungeon.
             The game lasted 00:00:52 (205 turns).

Flugkiller the Magician (Mummy Wanderer)             Turns: 205, Time: 00:00:53

Health: -1/15      AC:  5    Str: 16    XL:     1   Next: 91%
Magic:  4/4        EV: 11    Int: 12    God:
Gold:   24         SH:  0    Dex:  9    Spells: 5/6 levels left

rFire   x . .      SeeInvis .    a - +0 dagger
rCold   + . .      Faith    +    (no shield)
rNeg    + + +      Spirit   .    d - +0 leather armour
rPois   ∞          Reflect  .    (no helmet)
rElec   .          Harm     .    (no cloak)
rCorr   .          Rampage  .    c - +1 pair of gloves {infuse}
Will    .....                    (no boots)
Stlth   +.........               (no amulet)
HPRegen 0.05/turn                (no ring)
MPRegen 0.09/turn                (no ring)

@: no status effects
A: cold resistance 1, negative energy resistance 3, torment resistance 2, heat
vulnerability 1, no potions, faith
a: no special abilities


You were on level 1 of the Dungeon.
You visited 1 branch of the dungeon, and saw 1 of its levels.

You collected 24 gold pieces.

Inventory:

Hand Weapons
 a - a +0 dagger (weapon)
Missiles
 b - 11 poisoned darts (quivered)
Armour
 c - a +1 pair of gloves of infusion (worn)
   (You found it on level 1 of the Dungeon)
 d - a +0 leather armour (worn)
Scrolls
 z - a scroll of blinking


   Skills:
 + Level 1.0 Fighting
 - Level 1.0 Throwing
 + Level 3.1 Spellcasting
 - Level 2.4 Conjurations
 - Level 2.4 Transmutations
 - Level 1.0 Evocations


You had 5 spell levels left.
You knew the following spells:

 Your Spells              Type           Power      Damage    Failure   Level
a - Magic Dart            Conj           28%        1d4       11%         1

Your spell library contained the following spells:

 Spells                   Type           Power      Damage    Failure   Level
 Sting                    Tmut/Pois      16%        1d3       19%         1
 Ignite Poison            Fire/Tmut/Pois 3%         N/A       54%         3
 Mephitic Cloud           Conj/Pois/Air  3%         N/A       54%         3
 Flame Wave               Conj/Fire      4%         2d5       88%         4


Dungeon Overview and Level Annotations

Branches:
Dungeon (1/15) Zot: 5783

Altars:


Innate Abilities, Weirdness & Mutations

You are immune to poison.
Your flesh is cold resistant. (rC+)
You are immune to negative energy. (rN+++)
You are immune to unholy pain and torment.
You are vulnerable to heat. (rF-)
You do not drink.
You have a special connection with the divine. (Faith)


Message History

You finish memorising.
Spell assigned to 'a'.
Unknown command.
A bat comes into view.
You see here a Necronomicon.
A bat is nearby!
A bat is nearby!
The bat barely misses you.
You barely miss the bat. The bat hits you but does no damage.
You hit the bat but do no damage. The bat barely misses you.
You hit the bat.
You kill the bat!
No target in view!
You enter the shallow water.
Moving in this stuff is going to be slow.
You enter the shallow water.
Moving in this stuff is going to be slow.
You enter the shallow water.
Moving in this stuff is going to be slow.
You now have 24 gold pieces (gained 12).
You enter the shallow water.
Moving in this stuff is going to be slow.
You enter the shallow water.
Moving in this stuff is going to be slow.
Found a stone staircase leading down. 2 goblins, a frilled lizard, a rat and 2 kobolds come into view.
A kobold is wielding a +1 short sword of venom.
Found a stone staircase leading down.
The goblin shouts!
The kobold shouts!
The hobgoblin shouts!
The frilled lizard hisses angrily.
There are monsters nearby!
An endoplasm comes into view.
The kobold throws a stone.
The stone barely misses you.
You hit the kobold.
You kill the kobold!
Press: ? - help, v - describe, . - travel
Here: a goblin, wielding a +0 dagger The floor.
Unknown command.
You barely miss the hobgoblin. The hobgoblin barely misses you.
Press: ? - help, v - describe, . - travel
Here: a kobold, wielding a +1 short sword of venom and quivering stones The floor.
Unknown command.
You hit the hobgoblin.
The hobgoblin is moderately wounded.
The hobgoblin hits you.
You puncture the hobgoblin!
You kill the hobgoblin!
Your Spellcasting skill increases to level 3!
You closely miss the frilled lizard. The frilled lizard closely misses you.
You barely miss the frilled lizard. The frilled lizard closely misses you.
You hit the frilled lizard.
You kill the frilled lizard!
You hit the goblin.
The goblin is severely wounded.
The goblin barely misses you.
You hit the goblin but do no damage.
The goblin is severely wounded.
The goblin hits you but does no damage.
You hit the goblin.
You kill the goblin!
Your Fighting skill increases to level 1!
You closely miss the rat. The rat bites you but does no damage.
You barely miss the rat. The rat bites you.
You hit the rat but do no damage. The rat bites you but does no damage.
You barely miss the rat. The rat bites you but does no damage.
You hit the rat.
The rat is severely wounded.
The rat bites you but does no damage.
You closely miss the rat.
The rat is severely wounded.
The rat completely misses you.
You barely miss the rat.
The rat is severely wounded.
The rat barely misses you.
You hit the rat but do no damage.
The rat is severely wounded.
The rat bites you.
You hit the rat.
You kill the rat!
The kobold throws a stone.
The stone hits you.
The kobold throws a stone.
The stone hits you but does no damage.
The kobold throws a stone.
The stone hits you but does no damage.
The kobold throws a stone.
The stone misses you.
You enter the shallow water.
Moving in this stuff is going to be slow.
You enter the shallow water.
Moving in this stuff is going to be slow.
You enter the shallow water.
Moving in this stuff is going to be slow.
A goblin comes into view. It is wielding a +0 sling.
The goblin shouts!
The goblin shoots a sling bullet.
The sling bullet hits you.
The kobold throws a stone.
The stone hits you but does no damage.
The goblin shoots a sling bullet.
The sling bullet completely misses you.
Items here: )) †††.
The goblin shoots a sling bullet.
The sling bullet hits you.
* * * LOW HITPOINT WARNING * * *
The goblin shoots a sling bullet.
The sling bullet hits you.
You die...

........# ........#
......>.# ..
........# #. ###
........# #.## ....
........# ..# ##...
......g.#####.##...#
##...).......#
#..####@.>...# ###
####.## #......#
##.. #.K..# #......#
##... ##.####
####.### ###....
♣..♣♣ #.# ##....8.
♣♣~P♣ #.# ##..#....
♣♣K♣♣ #.# ##...##...
♣.~~♣ #.# #....###..
#♣♣
♣~J♣♣♣♣♣♣#####.##
#.....####


You could see a goblin.

Vanquished Creatures
  A bat (D:1)
  A giant cockroach (D:1)
  A goblin (D:1)
  A hobgoblin (D:1)
  A frilled lizard (D:1)
  A kobold (D:1)
  A rat (D:1)
7 creatures vanquished.

Notes
Turn   | Place    | Note
-------+----------+-------------------------------------------
     0 | D:1      | Flugkiller the Mummy Wanderer began the quest for the Orb.
     0 | D:1      | Flugkiller set off with the following items: a +0 dagger,
                  | 11 poisoned darts, a +0 leather armour, a scroll of
                  | blinking; and the following spells available to memorise:
                  | Magic Dart, Sting, Ignite Poison, Mephitic Cloud, Flame
                  | Wave.
     0 | D:1      | Reached XP level 1. HP: 13/13 MP: 4/4
    73 | D:1      | Learned a level 1 spell: Magic Dart
   155 | D:1      | Reached skill level 3 in Spellcasting
   161 | D:1      | Reached skill level 1 in Fighting
   205 | D:1      | Shot with a sling bullet by a goblin

Illustrated notes

Levels and vault maps discovered:
D:1:      dreamdust_arrival_beginning_and_end, layout_rooms,
          nicolae_ecumenical_lake_church, serial_bayou_crossing

Skill      XL: |  1 |
---------------+----+-----
Spellcasting   | 3 |  3.1
Fighting       | 1 |  1.0
Throwing       | |  1.0
Conjurations   | |  2.4
Transmutations | |  2.4
Evocations     | |  1.0

Action                   || total
-------------------------++-------
Melee: Dagger            ||    30
Armor: Leather armour    ||    13
Dodge: Dodged            ||    15

Table legend: (Time is in decaauts)
 A = Elapsed time spent in this place.
 B = Non-inter-level travel time spent in this place.
 C = Inter-level travel time spent in this place.
 D = Time resting spent in this place.
 E = Time spent auto-exploring this place.
 F = Levels seen in this place.
 G = Mean time per level.
                   A        B        C        D        E       F      G
               +--------+--------+--------+--------+--------+-----+--------+
         Total |    215 |    215 |      0 |     40 |     84 |   1 |  215.0 |
       Dungeon |    215 |    215 |      0 |     40 |     84 |   1 |  215.0 |
               +--------+--------+--------+--------+--------+-----+--------+

Top non-repeatable levels by time:
     D:1: 215 daAuts
